 Dungeon Crawl Stone Soup version 0.31-a0-325-g067879e3d3 (webtiles) character file.

Game seed: 1797998006046592748

44 cforsyth the Changeling (level 3, -2/28 HPs)
             Began as a Vampire Shapeshifter on July 19, 2023.
             Slain by a gnoll
             ... wielding a +0 club
              (4 damage)
             ... on level 2 of the Dungeon.
             The game lasted 00:01:42 (1699 turns).

cforsyth the Changeling (Vampire Shapeshifter)      Turns: 1699, Time: 00:01:43

Health: -2/28      AC:  2    Str: 16    XL:     3   Next: 41%
Magic:  3/3        EV: 12    Int: 10    God:
Gold:   100        SH:  0    Dex: 14    Spells: 2/2 levels left

rFire   . .          .
                       - Unarmed
rCold   . . .        (no shield)
rNeg    . . .        a - +0 animal skin
rPois   .            (helmet currently unavailable)
rElec   .            (cloak currently unavailable)
rCorr   .            (gloves currently unavailable)
SInv    +            (boots currently unavailable)
Will    .....        (no amulet)
Stlth   +            (no ring)
HPRegen 0.44/turn    (no ring)
MPRegen 0.08/turn

%: no passive effects
@: beast-form, healing quickly
A: beast (slay +2), alive, fangs 3, see invisible, vampiric 2
a: Exsanguinate, Begin Untransformation


You were on level 2 of the Dungeon.
You were a hulking beast.
You visited 1 branch of the dungeon, and saw 3 of its levels.

You collected 100 gold pieces.

Inventory:

Armour
 a - a +0 animal skin (worn)
Jewellery
 f - an amulet of the acrobat
 o - a ring of ice
Talismans
 c - a beast talisman
Scrolls
 e - a scroll of fog {unknown}
 g - 3 scrolls of identify {unknown}
 h - a scroll of vulnerability {unknown}
 k - a scroll of enchant weapon {unknown}
 m - a scroll of immolation {unknown}
 n - 3 scrolls of enchant armour {unknown}
 p - a scroll of fear {unknown}
Potions
 b - a potion of lignification
 d - 2 potions of resistance {unknown}
 i - 2 potions of curing {unknown}
 j - a potion of berserk rage {unknown}
 l - a potion of enlightenment {unknown}


   Skills:
 + Level 2.5 Fighting
 - Level 2.1 Dodging
 + Level 3.0 Unarmed Combat
 + Level 3.7 Shapeshifting


You had 2 spell levels left.
You didn't know any spells.
Your spell library was empty.

Dungeon Overview and Level Annotations

Branches:
Dungeon (3/15)

Altars:
Gozag


Innate Abilities, Weirdness & Mutations

You are a hulking beast.
Your limbs bulge with bestial killing power. (Slay +2)
Your natural rate of healing is accelerated.
You have razor-sharp teeth.
You have supernaturally acute eyesight. (SInv)
You are afflicted with vampirism and can become a bat while bloodless.


Message History

You closely miss the frilled lizard.
A gnoll comes into view. It is wielding a +0 spear.
The frilled lizard closely misses you. The hobgoblin attacks as you move away!
The hobgoblin hits you.
The gnoll shouts!
The gnoll hits you with a +0 club.
There is a stone staircase leading up here.
The frilled lizard bites you but does no damage.
The hobgoblin barely misses you.
You climb upwards.
There is a stone staircase leading down here.
You barely miss the hobgoblin. The gnoll closely misses you.
The hobgoblin hits you. The frilled lizard closely misses you.
You hit the hobgoblin.
The hobgoblin is heavily wounded.
The gnoll hits you with a +0 club. The hobgoblin barely misses you.
The frilled lizard closely misses you.
You hit the hobgoblin.
The hobgoblin is almost dead.
The gnoll hits you with a +0 club! The hobgoblin closely misses you.
The frilled lizard barely misses you.
You hit the hobgoblin.
You kill the hobgoblin!
The gnoll hits you with a +0 club.
* * * LOW HITPOINT WARNING * * *
The frilled lizard bites you.
* * * LOW HITPOINT WARNING * * *
The gnoll attacks as you move away! The gnoll closely misses you.
You hit the gnoll. You bite the gnoll.
The gnoll is moderately wounded.
The gnoll hits you with a +0 club.
* * * LOW HITPOINT WARNING * * *
You hit the gnoll. Your bite misses the gnoll.
The gnoll is heavily wounded.
The gnoll hits you with a +0 club.
* * * LOW HITPOINT WARNING * * *
You hit the gnoll.
The gnoll is almost dead.
The gnoll hits you with a +0 club.
You die...

.......# .......#
.......# .......#
.......# .......#
.......#
######################
................hgl>.#
####################.#
.....>...# #.#
########.# #.# #.# #.#
#.###########.#
#.............# ######
############### .....#


You could see a gnoll and a frilled lizard.

Vanquished Creatures
  A dart slug (D:2)
  3 ball pythons (D:2)
  4 bats
  5 endoplasms
  5 giant cockroaches
  3 goblins
  6 hobgoblins
  2 quokkas (D:1)
  3 frilled lizards (D:2)
  2 kobolds
  A rat (D:2)
35 creatures vanquished.

Notes
Turn   | Place    | Note
-------+----------+-------------------------------------------
     0 | D:1      | cforsyth the Vampire Shapeshifter began the quest for the
                  | Orb.
     0 | D:1      | Reached XP level 1. HP: 16/16 MP: 1/1
   142 | D:1      | Reached XP level 2. HP: 21/22 MP: 2/2
   575 | D:1      | Found a faded altar of an unknown god.
  1134 | D:2      | Found an opulent altar of Gozag.
  1206 | D:2      | Gained mutation: You are afflicted with vampirism and can
                  | become a bat while bloodless. [Vampire growth]
  1206 | D:2      | Reached XP level 3. HP: 28/28 MP: 3/3
  1699 | D:2      | Slain by a gnoll

Illustrated notes

Levels and vault maps discovered:
D:1:      lightli_arrival_windingriver, layout_loops_ring,
          chequers_ecumenical_altar_simple, corexii_corridor_pit,
          chequers_serial_rivers_micro_a, chequers_big_river
D:2:      layout_basic, basic_altar
D:3:      layout_rooms, cheibriados_altar_1, gup_sewer_entry_glass,
          serial_rivers, chequers_serial_rivers_micro_e,
          chequers_serial_rivers_large_b, chequers_serial_rivers_micro_e,
          chequers_serial_rivers_small_a, chequers_serial_rivers_micro_c

Skill      XL: |  1  2  3 |
---------------+----------+-----
Fighting       | 2 |  2.5
Unarmed Combat | 3 |  3.0
Dodging        | |  2.1
Shapeshifting  | |  3.7

Action                     || total
---------------------------++-------
  Melee: Unarmed           ||    93
         Bite              ||     7
         Punch             ||     2
   Stab: Sleeping          ||     8
 Armour: Animal skin       ||    10
  Dodge: Dodged            ||    55

Table legend: (Time is in decaauts)
 A = Elapsed time spent in this place.
 B = Non-inter-level travel time spent in this place.
 C = Inter-level travel time spent in this place.
 D = Time resting spent in this place.
 E = Time spent auto-exploring this place.
 F = Levels seen in this place.
 G = Mean time per level.
                   A        B        C        D        E       F      G
               +--------+--------+--------+--------+--------+-----+--------+
         Total |   1708 |   1643 |     65 |      0 |   1387 |   3 |  569.3 |
       Dungeon |   1708 |   1643 |     65 |      0 |   1387 |   3 |  569.3 |
               +--------+--------+--------+--------+--------+-----+--------+

Top non-repeatable levels by time:
     D:1: 943 daAuts
     D:2: 757 daAuts
     D:3: 7 daAuts
